HSSL
H.H. DOW HS CHARGERS @ BUTLER HS GOLDEN TORNADO
05/01/2023
 
TOP OF THE 1ST
H.H. Dow HS Chargers batting - Pitching for Butler HS Golden Tornado : LHP Patrick Carlson
Pitching: LHP Patrick Carlson
Batting: RHB Kris Ballard 0-0: Foul Ball, location: 2F
0-1: Ball
1-1: Ball
2-1: Called Strike
2-2: Ground out 4-3 (Groundball, 34)
Batting: RHB Matt Osborne 0-0: Ground out 5-3 (Groundball, 5S)
Batting: SHB Caden Keith 0-0: Ball
1-0: Ball
2-0: Ball
3-0: Called Strike
3-1: Ground out 3-1 (Groundball, 34)
Top of the 1st over - 0 run(s), 0 hit(s), 0 error(s), 0 left on base; H.H. Dow HS 0 - Butler HS 0
BOTTOM OF THE 1ST
Butler HS Golden Tornado batting - Pitching for H.H. Dow HS Chargers : RHP David Fletcher
Pitching: RHP David Fletcher
Batting: LHB Jon Rogers 0-0: Called Strike
0-1: Ball
1-1: Ball
2-1: Foul Ball, location: 2F
2-2: Strikes out swinging
Batting: RHB Derek Scott 0-0: Ball
1-0: Swinging Strike
1-1: Ball
2-1: Ball
3-1: Called Strike
3-2: Base on Balls
Batting: LHB Jérémie Rivard 0-0: Ball
1-0: Called Strike
1-1: Foul Ball, location: 2F
1-2: Ball
2-2: Foul Ball, location: 2F
2-2: Fly out, F8 (Flyball, 8LS)
Batting: RHB Rafael Barajas 0-0: Ball
1-0: Ball
2-0: Foul Ball, location: 2F
2-1: Called Strike
2-2: Ball
3-2: Ground out 6-3 (Groundball, 6M)
Bottom of the 1st over - 0 run(s), 0 hit(s), 0 error(s), 1 left on base; H.H. Dow HS 0 - Butler HS 0
TOP OF THE 2ND
H.H. Dow HS Chargers batting - Pitching for Butler HS Golden Tornado : LHP Patrick Carlson
Batting: LHB José Morales 0-0: Foul Ball, location: 2F
0-1: Foul Ball, location: 2F
0-2: Foul Ball, location: 2F
0-2: Ball
1-2: SOLO HOME RUN (Flyball, 89XD), Distance : 441 ft
Batting: RHB Jesús Domínguez 0-0: Called Strike
0-1: Swinging Strike
0-2: Ball
1-2: Fly out, F9 (Flyball, 89M)
Batting: LHB Paul Cotton 0-0: Called Strike
0-1: Bunt missed!
0-2: SINGLE (Groundball, 4M)
Batting: RHB John Small 0-0: Foul Ball, location: 2F
0-1: Ball
1-1: Ball
2-1: Called Strike
2-2: Ball
3-2: Foul Ball, location: 2F
3-2: Base on Balls
Paul Cotton to second
Batting: LHB Larry Battle 0-0: Ball
1-0: Ball
Throwing error on steal attempt, E2
Paul Cotton scores
John Small to third
2-0: Foul Ball, location: 2F
2-1: Ground out U3 (Groundball, 3)
Batting: LHB Gary Powers 0-0: Ball
1-0: Called Strike
1-1: Ball
2-1: Fly out, F7 (Flyball, 7LS)
Top of the 2nd over - 2 run(s), 2 hit(s), 1 error(s), 1 left on base; H.H. Dow HS 2 - Butler HS 0
BOTTOM OF THE 2ND
Butler HS Golden Tornado batting - Pitching for H.H. Dow HS Chargers : RHP David Fletcher
Batting: LHB Joe Baker 0-0: Ball
1-0: Ball
2-0: Called Strike
2-1: Ball
3-1: Foul Ball, location: 2F
3-2: Ground out 4-3 (Groundball, 4)
Batting: SHB Bruce MacPherson 0-0: Ball
1-0: Foul Ball, location: 2F
1-1: Foul Ball, location: 2F
1-2: Foul Ball, location: 2F
1-2: Ball
2-2: Ball
3-2: Ground out 4-3 (Groundball, 34)
Batting: RHB Christian Nash 0-0: Called Strike
0-1: Ball
1-1: Ball
2-1: Ball
3-1: Called Strike
3-2: Reached on error, E6 (Groundball, 6)
Batting: LHB Dave Reynolds 0-0: Ball
1-0: Called Strike
1-1: Ground out 4-3 (Groundball, 34)
Bottom of the 2nd over - 0 run(s), 0 hit(s), 1 error(s), 1 left on base; H.H. Dow HS 2 - Butler HS 0
TOP OF THE 3RD
H.H. Dow HS Chargers batting - Pitching for Butler HS Golden Tornado : LHP Patrick Carlson
Batting: RHB Kris Ballard 0-0: Ball
1-0: Swinging Strike
1-1: Ball
2-1: Foul Ball, location: 2F
2-2: Ground out 5-3 (Groundball, 5)
Batting: RHB Matt Osborne 0-0: Called Strike
0-1: Fly out, F8 (Flyball, 8RS)
Batting: SHB Caden Keith 0-0: Ball
1-0: SINGLE (Line Drive, 9LS)
Batting: LHB José Morales 0-0: Ball
1-0: Fly out, F9 (Flyball, 9D)
Top of the 3rd over - 0 run(s), 1 hit(s), 0 error(s), 1 left on base; H.H. Dow HS 2 - Butler HS 0
BOTTOM OF THE 3RD
Butler HS Golden Tornado batting - Pitching for H.H. Dow HS Chargers : RHP David Fletcher
Batting: RHB Jimmy Myers 0-0: Ball
1-0: Ball
2-0: Called Strike
2-1: Foul Ball, location: 2F
2-2: Ball
3-2: Foul Ball, location: 2F
3-2: Base on Balls
Batting: LHB Jon Rogers 0-0: Called Strike
0-1: Hit by Pitch
Jimmy Myers to second
Batting: RHB Derek Scott 0-0: Called Strike
0-1: Ball
1-1: Called Strike
1-2: Foul Ball, location: 2F
1-2: Fielders Choice at 2nd, 6-4 (Groundball, 6)
Jimmy Myers to third
Batting: LHB Jérémie Rivard 0-0: Ball
1-0: Ball
2-0: Foul Ball, location: 2F
2-1: Swinging Strike
2-2: Strikes out swinging
Batting: RHB Rafael Barajas 0-0: Ball
1-0: Ball
2-0: Ground out 6-3 (Groundball, 6)
Bottom of the 3rd over - 0 run(s), 0 hit(s), 0 error(s), 2 left on base; H.H. Dow HS 2 - Butler HS 0
TOP OF THE 4TH
H.H. Dow HS Chargers batting - Pitching for Butler HS Golden Tornado : LHP Patrick Carlson
Batting: RHB Jesús Domínguez 0-0: Ball
1-0: Called Strike
1-1: Foul Ball, location: 2F
1-2: Foul Ball, location: 2F
1-2: Ball
2-2: Foul Ball, location: 2F
2-2: Ground out 6-3 (Groundball, 6)
Batting: LHB Paul Cotton 0-0: Ball
1-0: Ball
2-0: Called Strike
2-1: SINGLE (Line Drive, 4D)
Batting: RHB John Small 0-0: Ball
1-0: Ball
2-0: Called Strike
2-1: Ball
3-1: Foul Ball, location: 2F
3-2: Grounds into double play, 6-4-3 (Groundball, 6M)
Top of the 4th over - 0 run(s), 1 hit(s), 0 error(s), 0 left on base; H.H. Dow HS 2 - Butler HS 0
BOTTOM OF THE 4TH
Butler HS Golden Tornado batting - Pitching for H.H. Dow HS Chargers : RHP David Fletcher
Batting: LHB Joe Baker 0-0: Called Strike
0-1: SINGLE (Line Drive, 34D)
Batting: SHB Bruce MacPherson 0-0: Ball
1-0: Foul Ball, location: 2F
1-1: Ball
2-1: Ball
3-1: Base on Balls
Joe Baker to second
Batting: RHB Christian Nash 0-0: Ball
1-0: Ball
2-0: Fly out, F8 (Flyball, 89M)
Runner from 2nd tags up, SAFE at 3rd with throw
Batting: LHB Dave Reynolds 0-0: Ball
1-0: Ball
2-0: Ball
3-0: Base on Balls
Bruce MacPherson to second
Pitching: RHP Desi Smith
Batting: RHB Jimmy Myers 0-0: Fly out, F9 (Flyball, 9LMF)
Runner from 3rd tags up, SCORES, no throw
Batting: LHB Jon Rogers 0-0: Foul Ball, location: 2F
0-1: Called Strike
0-2: Foul Ball, location: 2F
0-2: Strikes out swinging
Bottom of the 4th over - 1 run(s), 1 hit(s), 0 error(s), 2 left on base; H.H. Dow HS 2 - Butler HS 1
TOP OF THE 5TH
H.H. Dow HS Chargers batting - Pitching for Butler HS Golden Tornado : LHP Patrick Carlson
Batting: LHB Larry Battle 0-0: Foul Ball, location: 2F
0-1: Ball
1-1: SINGLE (Flyball, 7S)
Batting: LHB Gary Powers 0-0: Ball
1-0: Ball
2-0: Foul Ball, location: 2F
2-1: Foul Ball, location: 2F
2-2: Ball
3-2: Strikes out swinging
Larry Battle steals 2nd base
Batter strikes out.
Batting: RHB Kris Ballard 0-0: Swinging Strike
0-1: Foul Ball, location: 2F
0-2: Ball
1-2: SINGLE (Groundball, 4MS)
Larry Battle to third
Batting: RHB Matt Osborne 0-0: Ball
Throwing error on steal attempt, E2
Larry Battle scores
Kris Ballard to third
1-0: DOUBLE (Groundball, 5L)
Kris Ballard scores
Batting: SHB Caden Keith 0-0: Intentional Walk
Pitching: LHP Eric Thompson
Batting: LHB José Morales 0-0: Called Strike
0-1: Ball
1-1: Fly out, F7 (Flyball, 7M)
Batting: RHB Jesús Domínguez 0-0: Ball
1-0: Foul Ball, location: 2F
1-1: Ball
2-1: Called Strike
2-2: Strikes out swinging
Top of the 5th over - 2 run(s), 3 hit(s), 1 error(s), 2 left on base; H.H. Dow HS 4 - Butler HS 1
BOTTOM OF THE 5TH
Butler HS Golden Tornado batting - Pitching for H.H. Dow HS Chargers : RHP Desi Smith
Batting: RHB Derek Scott 0-0: Foul Ball, location: 2F
0-1: Ball
1-1: Ball
2-1: Ball
3-1: Foul Ball, location: 2F
3-2: Foul Ball, location: 2F
3-2: DOUBLE (Flyball, 8LM)
Batting: LHB Jérémie Rivard 0-0: Ball
1-0: Called Strike
1-1: Ball
2-1: Ground out 4-3 (Groundball, 4)
Derek Scott to third
Batting: RHB Rafael Barajas 0-0: Foul Ball, location: 2F
0-1: Called Strike
0-2: Ball
1-2: Ball
2-2: Strikes out swinging
Batting: LHB Joe Baker 0-0: Ball
1-0: Foul Ball, location: 2F
1-1: Ball
2-1: Foul Ball, location: 2F
2-2: Ball
3-2: Base on Balls
Batting: SHB Bruce MacPherson 0-0: Called Strike
0-1: Ball
1-1: Ball
2-1: Ball
3-1: Called Strike
3-2: Base on Balls
Joe Baker to second
Batting: RHB Christian Nash 0-0: Ball
1-0: Swinging Strike
1-1: Ball
2-1: Swinging Strike
2-2: Ball
3-2: Base on Balls
Derek Scott scores
Joe Baker to third
Bruce MacPherson to second
Batting: LHB Dave Reynolds 0-0: Called Strike
0-1: Fly out, F6 (Popup, 56)
Bottom of the 5th over - 1 run(s), 1 hit(s), 0 error(s), 3 left on base; H.H. Dow HS 4 - Butler HS 2
TOP OF THE 6TH
H.H. Dow HS Chargers batting - Pitching for Butler HS Golden Tornado : LHP Eric Thompson
Batting: LHB Paul Cotton 0-0: Called Strike
0-1: Foul Ball, location: 2F
0-2: Foul Ball, location: 2F
0-2: Ball
1-2: Fly out, F4 (Popup, 9S)
Batting: RHB John Small 0-0: Ball
1-0: Fly out, F5 (Line Drive, 5S)
Batting: LHB Larry Battle 0-0: Called Strike
0-1: Foul Ball, location: 2F
0-2: Ball
1-2: Ball
2-2: Foul Ball, location: 2F
2-2: Ground out 4-3 (Groundball, 4)
Top of the 6th over - 0 run(s), 0 hit(s), 0 error(s), 0 left on base; H.H. Dow HS 4 - Butler HS 2
BOTTOM OF THE 6TH
Butler HS Golden Tornado batting - Pitching for H.H. Dow HS Chargers : RHP Desi Smith
Batting: RHB Jimmy Myers 0-0: Ball
1-0: Foul Ball, location: 2F
1-1: Ball
2-1: Foul Ball, location: 2F
2-2: Ball
3-2: Foul Ball, location: 2F
3-2: Base on Balls
Batting: LHB Jon Rogers 0-0: Ball
1-0: Ball
2-0: Swinging Strike
2-1: SINGLE (Groundball, 3S) (infield hit)
Jimmy Myers to second
Pitching: RHP Stu Morris
Batting: RHB Derek Scott 0-0: Fly out, F7 (Line Drive, 7M)
Batting: LHB Jérémie Rivard 0-0: Called Strike
0-1: Fly out, F9 (Line Drive, 9S)
Batting: RHB Rafael Barajas 0-0: Called Strike
0-1: Swinging Strike
0-2: Ball
1-2: Ball
2-2: Fielders Choice at 2nd, U4 (Groundball, 4M)
Bottom of the 6th over - 0 run(s), 1 hit(s), 0 error(s), 2 left on base; H.H. Dow HS 4 - Butler HS 2
TOP OF THE 7TH
H.H. Dow HS Chargers batting - Pitching for Butler HS Golden Tornado : LHP Eric Thompson
Batting: LHB Gary Powers 0-0: Ball
1-0: Foul Ball, location: 2F
1-1: Ball
2-1: Fly out, F4 (Popup, 4D)
Pitching: LHP Aaron Blankenship
Batting: RHB Kris Ballard 0-0: Called Strike
0-1: SINGLE (Groundball, 6MD)
Batting: RHB Matt Osborne 0-0: Called Strike
0-1: Called Strike
Kris Ballard is caught stealing 2nd base
0-2: Foul Ball, location: 2F
0-2: Ball
1-2: Ball
2-2: Strikes out swinging
Top of the 7th over - 0 run(s), 1 hit(s), 0 error(s), 0 left on base; H.H. Dow HS 4 - Butler HS 2
BOTTOM OF THE 7TH
Butler HS Golden Tornado batting - Pitching for H.H. Dow HS Chargers : RHP Stu Morris
Batting: LHB Joe Baker 0-0: Ball
1-0: Called Strike
1-1: Swinging Strike
1-2: Foul Ball, location: 2F
1-2: Fly out, F4 (Popup, 4MD)
Batting: SHB Bruce MacPherson 0-0: Foul Ball, location: 2F
0-1: Ball
1-1: Foul Ball, location: 2F
1-2: Ball
2-2: SINGLE (Groundball, 5D)
Batting: RHB Christian Nash 0-0: Ball
1-0: Ball
2-0: Called Strike
2-1: Reached on error, E4 (Groundball, 4)
Bruce MacPherson to second
Batting: LHB Dave Reynolds 0-0: Ball
1-0: Swinging Strike
1-1: Ball
2-1: Foul Ball, location: 2F
2-2: Foul Ball, location: 2F
2-2: Ball
3-2: SINGLE (Line Drive, 7S)
Bruce MacPherson to third
Christian Nash to second
Runner from 3rd tries for Home, SAFE, throw made home
Christian Nash to third
Dave Reynolds to second
Batting: RHB Jimmy Myers 0-0: Ball
1-0: Swinging Strike
1-1: Called Strike
1-2: Foul Ball, location: 2F
1-2: Ball
2-2: Ball
3-2: Foul Ball, location: 2F
3-2: Base on Balls
Batting: LHB Jon Rogers 0-0: Ball
1-0: Swinging Strike
1-1: Called Strike
1-2: Foul Ball, location: 2F
1-2: Strikes out looking
Batting: RHB Derek Scott 0-0: Called Strike
0-1: Foul Ball, location: 2F
0-2: Ball
1-2: Foul Ball, location: 2F
1-2: Fly out, F5 (Popup, 5SF)
Bottom of the 7th over - 1 run(s), 2 hit(s), 1 error(s), 3 left on base; H.H. Dow HS 4 - Butler HS 3
TOP OF THE 8TH
H.H. Dow HS Chargers batting - Pitching for Butler HS Golden Tornado : LHP Aaron Blankenship
Batting: SHB Caden Keith 0-0: Called Strike
0-1: Ball
1-1: Fly out, F9 (Flyball, 9D)
Batting: LHB José Morales 0-0: Ball
1-0: Ball
2-0: Ball
3-0: Called Strike
3-1: Called Strike
3-2: Base on Balls
Batting: RHB Jesús Domínguez 0-0: Called Strike
0-1: Ball
1-1: Ball
2-1: Fly out, F7 (Flyball, 78S)
Pinch Hitting: RHB Stan Webb 0-0: Called Strike
0-1: Ball
1-1: Foul Ball, location: 2F
1-2: SINGLE (Line Drive, 34)
José Morales to second
Batting: RHB John Small 0-0: Ball
1-0: Foul Ball, location: 2F
1-1: Ball
2-1: Foul Ball, location: 2F
2-2: Ball
3-2: Base on Balls
José Morales to third
Stan Webb to second
Batting: LHB Larry Battle 0-0: Ground out 4-3 (Groundball, 4)
Top of the 8th over - 0 run(s), 1 hit(s), 0 error(s), 3 left on base; H.H. Dow HS 4 - Butler HS 3
BOTTOM OF THE 8TH
Butler HS Golden Tornado batting - Pitching for H.H. Dow HS Chargers : RHP Stu Morris
Pitching: LHP Flint Alonso
Now at 2B: Sidney Boyd
Batting: LHB Jérémie Rivard 0-0: Fly out, F2 (Popup, 25F)
Pitching: LHP Tom Martin
Batting: RHB Rafael Barajas 0-0: Ball
1-0: Foul Ball, location: 2F
1-1: Foul Ball, location: 2F
1-2: Ground out 5-3 (Groundball, 5L)
Batting: LHB Joe Baker 0-0: Foul Ball, location: 2F
0-1: Called Strike
0-2: Ball
1-2: Strikes out swinging
Bottom of the 8th over - 0 run(s), 0 hit(s), 0 error(s), 0 left on base; H.H. Dow HS 4 - Butler HS 3
TOP OF THE 9TH
H.H. Dow HS Chargers batting - Pitching for Butler HS Golden Tornado : LHP Aaron Blankenship
Batting: LHB Gary Powers 0-0: Called Strike
0-1: Ball
1-1: Ground out 4-3 (Groundball, 4)
Pitching: RHP Miguel Sotelo
Batting: RHB Kris Ballard 0-0: Ground out 4-3 (Groundball, 34S)
Batting: RHB Matt Osborne 0-0: Ball
1-0: Called Strike
1-1: Ball
2-1: SOLO HOME RUN (Flyball, 7D), Distance : 384 ft
Batting: SHB Caden Keith 0-0: Ball
1-0: Ball
2-0: SINGLE (Line Drive, 6D)
Batting: LHB José Morales 0-0: Ball
Caden Keith is caught stealing 2nd base
Top of the 9th over - 1 run(s), 2 hit(s), 0 error(s), 0 left on base; H.H. Dow HS 5 - Butler HS 3
BOTTOM OF THE 9TH
Butler HS Golden Tornado batting - Pitching for H.H. Dow HS Chargers : LHP Tom Martin
Pitching: RHP Mack Rhodes
Batting: SHB Bruce MacPherson 0-0: Ball
1-0: Foul Ball, location: 2F
1-1: Ball
2-1: DOUBLE (Line Drive, 34)
Batting: RHB Christian Nash 0-0: Called Strike
0-1: Ball
1-1: Fly out, F3 (Popup, 3F)
Batting: LHB Dave Reynolds 0-0: Foul Ball, location: 2F
0-1: Foul Ball, location: 2F
0-2: Foul Ball, location: 2F
0-2: Ball
1-2: Foul Ball, location: 2F
1-2: Ball
2-2: Foul Ball, location: 2F
2-2: Ball
3-2: Base on Balls
Batting: RHB Jimmy Myers 0-0: Called Strike
0-1: Foul Ball, location: 2F
0-2: Foul Ball, location: 2F
0-2: Strikes out looking
Batting: LHB Jon Rogers 0-0: Foul Ball, location: 2F
0-1: Called Strike
0-2: Strikes out looking
Bottom of the 9th over - 0 run(s), 1 hit(s), 0 error(s), 2 left on base; H.H. Dow HS 5 - Butler HS 3
This league is powered by Out of the Park Baseball, the baseball management simulation game for PC, Mac and Linux
Wednesday, December 2nd, 2015 - OOTP Baseball 16.8 Build 38